 Dungeon Crawl Stone Soup version 0.32-a0-42-ga30500b4d3 (webtiles) character file.

Game seed: 10815464666716530443

2098 demibob the Carver (level 9, -13/50 HPs)
             Began as a Demonspawn Chaos Knight on Feb 2, 2024.
             Was an Initiate of Gozag.
             Mangled by a gargoyle
             ... wielding a +2 mace of protection
              (17 damage)
             ... on level 8 of the Dungeon.
             The game lasted 00:09:12 (5640 turns).

demibob the Carver (Demonspawn Chaos Knight)        Turns: 5640, Time: 00:09:14

Health: -13/50     AC: 15    Str: 16    XL:     9   Next: 7%
Magic:  9/9        EV: 16    Int: 12    God:    Gozag
Gold:   731        SH:  0    Dex: 14    Spells: 8/8 levels left

rFire   . . .        a - +1 falchion (chaos)
rCold   + . .        (no shield)
rNeg    . . .        b - +3 leather armour
rPois   .            (no helmet)
rElec   .            o - +0 cloak
rCorr   .            (no gloves)
SInv    .            (no boots)
Will    +....        (no amulet)
Stlth   +            t - +4 ring of protection
HPRegen 1.08/turn    T - +4 ring of protection
MPRegen 0.11/turn

%: no passive effects
@: agile, about to teleport
A: claws 1, powered by death 2, powered by pain 2, cold resistance 1, frail 2,
strong-willed 1, regeneration 1, MP-powered wands
a: Renounce Religion, Potion Petition, Call Merchant, Bribe Branch


You were on level 8 of the Dungeon.
You worshipped Gozag.
Gozag was pleased with you.
You visited 1 branch of the dungeon, and saw 8 of its levels.
You also visited: Ossuary.

You collected 844 gold pieces.
You spent 17 gold pieces at shops.
You paid 96 gold pieces to Gozag.


Innate Abilities, Weirdness & Mutations

You have sharp fingernails.
You regenerate health from kills.
You sometimes gain power by taking damage.
Your flesh is cold resistant. (rC+)
You are very frail. (-20% HP)
You are strong-willed. (Will+)
Your natural rate of healing is unusually fast.
You expend magic power (3 MP) to strengthen your wands.


   Skills:
 - Level 3.0 Fighting
 + Level 11.3 Long Blades
 - Level 1.7 Armour
 - Level 0.8 Dodging


You had 8 spell levels left.
You didn't know any spells.
Your spell library contained the following spells:

 Spells                   Type           Power      Damage    Failure   Level
 Necrotise                Necr           0%         1d4       38%         1
 Summon Ice Beast         Ice/Summ       0%         N/A       77%         3
 Vampiric Draining        Necr           0%         2d6       77%         3
 Animate Armour           Summ/Erth      0%         N/A       99%         4
 Martyr's Knell           Necr/Summ      0%         N/A       99%         4
 Curse of Agony           Necr           0%         N/A       100%        5
 Summon Horrible Things   Summ           0%         N/A       100%        8

Inventory:

Hand Weapons
 a - a +1 falchion of chaos (weapon)
Missiles
 n - a throwing net {=f}
Armour
 b - a +3 leather armour (worn)
 o - a +0 cloak (worn)
Jewellery
 t - a +4 ring of protection (left claw)
 T - a +4 ring of protection (right claw)
Wands
 m - a wand of flame (17)
 q - a wand of iceblast (12)
Scrolls
 e - a scroll of blinking
 h - a scroll of immolation
 j - 4 scrolls of teleportation {@r2}
 p - a scroll of poison
 s - 2 scrolls of fog
Potions
 c - a potion of lignification {unknown}
 d - a potion of heal wounds {unknown}
 f - 2 potions of brilliance
 g - a potion of berserk rage {!q}
 i - 5 potions of curing {@q1}
 k - 2 potions of ambrosia
 l - a potion of mutation {unknown}
 r - a potion of might {unknown}
 u - a potion of resistance
 x - a potion of haste {unknown}
 z - a potion of degeneration {unknown}
 A - a potion of cancellation

Dungeon Overview and Level Annotations

Branches:
Dungeon (8/15)             Temple (0/1) D:6         Ossuary (visited)
   Lair: D:8-11

Altars:
Dithmenos
Gozag
Makhleb
Qazlal
Trog
Wu Jian

Shops:
D:2 ?   D:3 * D:4

= .# ▓▓...▓
▓▓.▓▓.▓ .#
▓..... ▓▓.▓.▓ ##
▓▓▓+▓▓ +.▓.▓▓
▓... ▓▓.▓.▓ ▓▓..
▓▓.▓▓.▓ ▓....
▓▓.▓▓▓'▓ ▓▓...▓
▓▓.▓▓8..▓
▓....k▓▓.▓▓▓▓.▓▓
+.....9@▓▓ ▓.▓
▓.....▓▓▓ ▓.▓
▓▓...▓ ▓.▓ ▓▓.▓
▓.▓ ▓. ▓.▓ ▓ ▓▓▓


You could see a lindwurm and a gargoyle (fast).


Message History

You hit the gargoyle but do no damage.
The gargoyle seems to speed up.
The gargoyle closely misses you.
You hit the lindwurm.
The lindwurm is lightly wounded.
The gargoyle hurls a stone arrow at you.
The stone arrow hits you.
The lindwurm bites you but does no damage.
The lindwurm misses you. The lindwurm completely misses you.
You slash the lindwurm!
You feel better.
The lindwurm is moderately wounded.
The gargoyle hits you with a +2 mace of protection!!
* * * LOW HITPOINT WARNING * * *
You focus on the pain.
You feel agile all of a sudden. The lindwurm bites you.
* * * LOW HITPOINT WARNING * * *
The lindwurm claws you but does no damage.
The lindwurm barely misses you.
As you read the scroll of teleportation {@r2}, it crumbles to dust.
You feel strangely unstable.
The gargoyle hurls a stone arrow at you.
The stone arrow hits you!
* * * LOW HITPOINT WARNING * * *
The gargoyle misses you. The lindwurm bites you.
* * * LOW HITPOINT WARNING * * *
The lindwurm misses you. The lindwurm barely misses you.
The gargoyle attacks as it pursues you!
The gargoyle hits you with a +2 mace of protection!
You die...
Your body crumbles into a pile of gold.

Skill      XL: |  1  2  3  4  5  6  7  8 |
---------------+-------------------------+-----
Long Blades    | 3 5 6 7 9 11 | 11.3
Fighting       | |  3.0
Armour         | |  1.7
Dodging        | |  0.8

Action                     |  1- 3 |  4- 6 |  7- 9 || total
---------------------------+-------+-------+-------++-------
  Melee: Falchion          |    92 |   153 |   319 ||   564
         Punch             |     1 |     2 |     3 ||     6
    Use: Scroll            |     1 |     9 |    10 ||    20
         Potion            |       |     2 |     1 ||     3
   Stab: Confused          |     1 |       |     1 ||     2
         Petrified         |       |     9 |       ||     9
         Distracted        |       |       |     1 ||     1
         Paralysed         |       |       |     1 ||     1
 Armour: Leather armour    |    57 |    98 |   228 ||   383
  Dodge: Dodged            |    52 |    69 |   185 ||   306

Levels and vault maps discovered:
D:1:      dpeg_arrival_castle, layout_basic
D:2:      layout_basic, nicolae_nh_oracle_at_delphi
D:3:      layout_basic, nicolae_qazlal_scattered_showers,
          mainiacjoe_overflow_divided_tiny, serial_shops, shop, dk_vineyard_1,
          minmay_quadrilaterals
D:4:      layout_cave_pools, mainiacjoe_overflow_paths,
          mainiacjoe_overflow_catwalk, mainiacjoe_overflow_six_doors_small,
          serial_shops, shop, uniq_grinder
D:5:      layout_loops_ring, nicolae_overflow_crystal_walls,
          columned_hall_lemuel, minmay_pentangle
D:6:      layout_basic, mainiacjoe_overflow_cross_hatched,
          minmay_temple_entry_wispy, nicolae_ossuary_entry_false_entrances
D:7:      layout_rooms
D:8:      wad_arrow_thing, layout_loops_corners, eat_drink_and_be_merry_uskayaw,
          amcnicky_altar_gilded, special_room [special_room_orc],
          kennysheep_small_square, uniq_pikel

Notes
Turn   | Place    | Note
-------+----------+-------------------------------------------
     0 | D:1      | demibob the Demonspawn Chaos Knight began the quest for the
                  | Orb.
     0 | D:1      | Reached XP level 1. HP: 18/18 MP: 1/1
   225 | D:1      | XOM: silly message
   435 | D:1      | XOM: butterfly on damage
   438 | D:1      | Reached skill level 3 in Long Blades
   439 | D:1      | HP: 1/18 [frozen (3)]
   575 | D:1      | Gained mutation: You have sharp fingernails. [demonic
                  | ancestry]
   575 | D:1      | Reached XP level 2. HP: 24/24 MP: 2/2
   933 | D:2      | XOM: butterfly on damage
  1064 | D:2      | XOM: blink monster(s)
  1098 | D:2      | Got Sif Muna's Guide on Illusion
  1099 | D:2      | XOM: divination: detect items
  1141 | D:2      | Reached XP level 3. HP: 29/29 MP: 3/3
  1211 | D:2      | XOM: noise
  1213 | D:2      | Reached skill level 4 in Long Blades
  1229 | D:2      | a ribbon worm changed into a steam dragon
  1229 | D:2      | Noticed a steam dragon
  1238 | D:2      | Killed a steam dragon
  1239 | D:2      | Reached skill level 5 in Long Blades
  1239 | D:2      | Gained mutation: You sometimes gain a little power by
                  | taking damage. [demonic ancestry]
  1239 | D:2      | Reached XP level 4. HP: 8/35 MP: 4/4
  1239 | D:2      | Gained mutation: You regenerate a little health from kills.
                  | [demonic ancestry]
  1239 | D:2      | Reached XP level 5. HP: 10/41 MP: 5/5
  1286 | D:2      | XOM: cloud trail
  1630 | D:2      | XOM: confuse monster(s)
  1658 | D:2      | XOM: cloud trail
  1679 | D:2      | XOM: noise
  1715 | D:2      | Found The Oracle's Delphic Readings.
  1761 | D:2      | XOM: silly message
  1777 | D:2      | XOM: stat loss: -1 Str (13/14)
  1855 | D:2      | XOM: 9-stop teleportation journey
  1921 | D:2      | XOM: noise
  2078 | D:3      | XOM: summons 2 hostile shadow creatures
  2124 | D:3      | You fall into a shaft and drop 1 floor!
  2141 | D:4      | Noticed Grinder
  2142 | D:4      | Identified a potion of resistance
  2168 | D:4      | XOM: enchant monster (bad)
  2177 | D:4      | Killed Grinder
  2178 | D:4      | Reached skill level 6 in Long Blades
  2178 | D:4      | Reached XP level 6. HP: 16/47 MP: 6/6
  2383 | D:3      | Found a stormy altar of Qazlal.
  2590 | D:3      | Found Linwacaw's Assorted Antiques.
  2602 | D:3      | Bought a viscous ruby potion for 17 gold pieces
  2629 | D:3      | Found a shadowy altar of Dithmenos.
  2735 | D:3      | Identified the +2 rapier "Beimpe Meng" {flame, rF+ Will-
                  | Str+3}
  3041 | D:4      | Reached skill level 7 in Long Blades
  3054 | D:4      | XOM: draining
  3086 | D:4      | Found an ornate altar of the Wu Jian Council.
  3182 | D:4      | Found an opulent altar of Gozag.
  3257 | D:4      | Fell from the grace of Xom
  3257 | D:4      | Became a worshipper of Gozag Ym Sagoz the Greedy
  3279 | D:4      | Found Moeraosh's Jewellery Emporium.
  3383 | D:4      | Found a bloodstained altar of Trog.
  3490 | D:5      | Entered Level 5 of the Dungeon
  3514 | D:5      | Reached XP level 7. HP: 46/48 MP: 7/7
  3640 | D:5      | XOM: summons 6 hostile demons
  3741 | D:6      | Found a sand-covered staircase.
  3774 | D:6      | XOM: 2-stop teleportation journey
  3804 | D:6      | Found a staircase to the Ecumenical Temple.
  3922 | D:6      | Reached skill level 8 in Long Blades
  3924 | D:6      | XOM: give mutations
  3924 | D:6      | Gained mutation: Your natural rate of healing is unusually
                  | fast. [Xom's mischief]
  3924 | D:6      | Gained mutation: Your body sometimes deteriorates upon
                  | taking damage. [Xom's mischief]
  3924 | D:6      | Gained mutation: You are frail. (-10% HP) [Xom's mischief]
  3924 | D:6      | Lost mutation: Your body sometimes deteriorates upon taking
                  | damage. [Xom's mischief]
  3979 | Ossuary  | Entered an ossuary
  4177 | Ossuary  | Reached skill level 9 in Long Blades
  4177 | Ossuary  | Gained mutation: You sometimes gain power by taking damage.
                  | [demonic ancestry]
  4177 | Ossuary  | Reached XP level 8. HP: 50/52 MP: 8/8
  4228 | Ossuary  | Noticed a silent spectre
  4454 | D:6      | Found a burning altar of Makhleb.
  4741 | D:7      | Reached skill level 10 in Long Blades
  4801 | D:7      | XOM: give mutations
  4801 | D:7      | Gained mutation: You are strong-willed. (Will+) [Xom's
                  | mischief]
  4801 | D:7      | Gained mutation: Your flesh is cold resistant. (rC+) [Xom's
                  | mischief]
  4801 | D:7      | Gained mutation: You expend magic power (3 MP) to
                  | strengthen your wands. [Xom's mischief]
  4801 | D:7      | Gained mutation: You are very frail. (-20% HP) [Xom's
                  | mischief]
  4814 | D:7      | XOM: summons 4 hostile shadow creatures
  5020 | D:7      | Identified the +1 buckler "Put-Me-On" {Harm rPois rC-
                  | Str+3}
  5224 | D:7      | XOM: divination: magic mapping
  5574 | D:8      | Reached skill level 11 in Long Blades
  5576 | D:8      | Gained mutation: You regenerate health from kills. [demonic
                  | ancestry]
  5576 | D:8      | Reached XP level 9. HP: 50/50 MP: 9/9
  5629 | D:8      | Noticed a gargoyle
  5634 | D:8      | Noticed a lindwurm
  5639 | D:8      | HP: 5/50 [gargoyle/stone arrow (15)]
  5640 | D:8      | Mangled by a gargoyle

Vanquished Creatures
  Grinder (D:4)
  A steam dragon (D:2)
  An orc warrior (D:8)
  An ice beast (D:6)
  2 black bears
  A sky beast (D:7)
  2 centaurs
  2 bullfrogs (D:8)
  3 scorpions
  A wight (Ossuary)
  A killer bee (D:8)
  2 howler monkeys
  4 hounds
  A jelly (D:7)
  7 centaur zombies (Ossuary)
  A gnoll bouda (D:5)
  A sleepcap (D:4)
  3 iguanas (D:6)
  A scorpion zombie (Ossuary)
  An orc wizard (D:7)
  5 gnolls (D:5)
  3 adders
  A river rat (D:4)
  4 adder zombies (Ossuary)
  4 ribbon worms
  2 dart slugs
  6 orcs
  9 endoplasms
  2 giant cockroaches
  5 goblins
  3 hobgoblins
  2 jackals (D:1)
  2 quokkas
  4 ball pythons
  5 bats
  A frilled lizard (D:2)
  4 goblin zombies (Ossuary)
  A hobgoblin zombie (Ossuary)
  7 kobolds
  7 orc zombies (Ossuary)
  6 rats
120 creatures vanquished.

Table legend: (Time is in decaauts)
 A = Elapsed time spent in this place.
 B = Non-inter-level travel time spent in this place.
 C = Inter-level travel time spent in this place.
 D = Time resting spent in this place.
 E = Time spent auto-exploring this place.
 F = Levels seen in this place.
 G = Mean time per level.
                   A        B        C        D        E       F      G
               +--------+--------+--------+--------+--------+-----+--------+
         Total |   5617 |   5381 |    236 |    194 |   3988 |   9 |  624.1 |
       Dungeon |   5343 |   5107 |    236 |    194 |   3865 |   8 |  667.9 |
       Ossuary |    273 |    273 |      0 |      0 |    123 |   1 |  273.0 |
               +--------+--------+--------+--------+--------+-----+--------+

Top non-repeatable levels by time:
     D:2: 1183 daAuts
     D:1: 877 daAuts
     D:6: 807 daAuts
     D:4: 748 daAuts
     D:3: 698 daAuts
     D:7: 516 daAuts
     D:8: 319 daAuts
 Ossuary: 273 daAuts
     D:5: 192 daAuts

Table legend:
 A = Non-vault XP
 B = Vault XP
 C = Vault XP percentage of total XP
 D = Non-vault monster count
 E = Vault monster count
 F = Vault count percentage of total count
                 A         B        C        D         E       F
            +---------+---------+-------+---------+---------+-------
      Total |    1750 |    1248 |  41.6 |      82 |      37 |  31.1
            +---------+---------+-------+---------+---------+-------
        D:1 |      22 |       0 |   0.0 |      14 |       0 |   0.0
        D:2 |     220 |       5 |   2.2 |      22 |       2 |   8.3
        D:3 |      13 |       8 |  38.1 |       5 |       5 |  50.0
        D:4 |     125 |     290 |  69.9 |      12 |       1 |   7.7
        D:5 |     177 |       0 |   0.0 |       8 |       0 |   0.0
        D:6 |     672 |       0 |   0.0 |      10 |       0 |   0.0
        D:7 |     433 |       0 |   0.0 |      10 |       0 |   0.0
        D:8 |      88 |     530 |  85.8 |       1 |       5 |  83.3
    Ossuary |       0 |     415 | 100.0 |       0 |      24 | 100.0
            +---------+---------+-------+---------+---------+-------
